 Dungeon Crawl Stone Soup version 0.30.1-11-g7821555f0a (webtiles) character file.

Game seed: 2698847431831964343

878 Queen the Insei (level 7, -1/58 HPs)
             Began as a Purple Draconian Transmuter on Nov 12, 2023.
             Was a Follower of the Shining One.
             Slain by an orc priest
             ... wielding a +0 whip
              (6 damage)
             ... on level 5 of the Dungeon.
             The game lasted 00:17:46 (5942 turns).

Queen the Insei (Purple Draconian Transmuter)       Turns: 5942, Time: 00:17:47

Health: -1/58      AC:  2    Str: 12    XL:     7   Next: 75%
Magic:  8/13       EV: 21    Int: 21    God:    the Shining One [*.....]
Gold:   255        SH:  7    Dex: 17    Spells: 5/15 levels left

rFire   . .          .
                       - Unarmed
rCold   . . .        (shield currently unavailable)
rNeg    . . .        (body armour unavailable)
rPois   x            (helmet currently unavailable)
rElec   .            r - melded +0 cloak
rCorr   .            o - melded +0 pair of gloves
SInv    .            s - melded +0 pair of boots
Will    ++...        (no amulet)
Stlth   +            f - ring of willpower
HPRegen 0.29/turn    j - +6 ring of intelligence
MPRegen 0.13/turn

%: no passive effects
@: divinely shielded, spider-form (expiring), glowing
A: venomous fangs, (breathe power), AC +6, tiny, unfitting armour,
(cold-blooded)
a: End Transformation, Renounce Religion, Divine Shield


You were on level 5 of the Dungeon.
You worshipped the Shining One.
The Shining One was aware of your devotion.
You were a venomous arachnid creature.
You visited 1 branch of the dungeon, and saw 5 of its levels.

You collected 255 gold pieces.

Inventory:

Armour
 o - a +0 pair of gloves (melded)
 r - a +0 cloak (melded)
 s - a +0 pair of boots (melded)
Jewellery
 f - a ring of willpower (left front pincers)
 h - a ring of wizardry
 j - a +6 ring of intelligence (right front pincers)
 l - a ring of see invisible
Wands
 n - a wand of paralysis (8)
Scrolls
 d - a scroll of poison {unknown}
 q - 2 scrolls of identify
Potions
 a - a potion of lignification
 b - 7 potions of curing
 c - a potion of magic
 e - a potion of mutation
 g - 3 potions of flight
 i - a potion of cancellation {unknown}
 k - 3 potions of attraction {unknown}
 m - 2 potions of heal wounds {unknown}
 p - 2 potions of invisibility {unknown}
 t - a potion of brilliance {unknown}
 u - a potion of might {unknown}


   Skills:
 + Level 3.9 Fighting
 + Level 3.6 Dodging
 + Level 4.7 Unarmed Combat
 + Level 4.5 Spellcasting
 + Level 4.1 Transmutations
 + Level 3.0 Invocations
 + Level 1.4 Evocations


You had 5 spell levels left.
You knew the following spells:

 Your Spells              Type           Power      Damage    Failure   Level
a - Beastly Appendage     Tmut           44%        N/A       9%          1
b - Wereblood             Tmut           22%        N/A       11%         2
c - Spider Form           Tmut/Pois      13%        N/A       32%         3
d - Ice Form              Ice/Tmut       13%        N/A       65%         4

Your spell library contained the following spells:

 Spells                   Type           Power      Damage    Failure   Level
 Ozocubu's Armour         Ice            4%         N/A       56%         3
 Tukima's Dance           Hex            4%         N/A       56%         3
 Passage of Golubria      Tloc           4%         N/A       89%         4
 Yara's Violent Unravell  Hex/Tmut       6%         3d5       92%         5
 Ozocubu's Refrigeration  Ice            2%         4d7       100%        7


Dungeon Overview and Level Annotations

Branches:
Dungeon (5/15)
 Temple: D:4-7

Altars:
Wu Jian
Yredelemnul
The Shining One

Annotations:
D:2 exclusion: downstairs
D:5 2 transporters, 1 exclusion


Innate Abilities, Weirdness & Mutations

You are a venomous arachnid creature.
You have venomous fangs.
You are tiny and dextrous.
Your spellcasting is less reliable in this form.
Your armour is entirely melded.
You are incapable of wielding weapons or throwing items.
((You can breathe bolts of dispelling energy.))
((Your rich purple scales are hard. (AC +6)))
You cannot fit into any form of body armour.
((You are cold-blooded and may be slowed by cold attacks.))


Message History

You block the orc priest's attack.
The orc priest miscasts a cantrip.
The orc warrior completely misses you.
You hit the orc priest.
The orc priest is severely wounded.
The orc priest closely misses you. The orc warrior barely misses you.
You hit the orc priest but do no damage.
The orc priest is severely wounded.
The orc priest misses you.
The orc priest invokes the aid of Beogh against you.
Beogh smites you!
* * * LOW HITPOINT WARNING * * *
You block the orc warrior's attack.
You hit the orc warrior but do no damage.
The orc warrior looks as sick as possible!
The orc warrior is almost dead.
You have got your breath back.
You kill the orc warrior!
The orc priest completely misses you.
Your Invocations skill increases to level 3!
You hit the orc priest.
The orc priest is poisoned.
The orc priest is lightly wounded.
The orc priest begins to cast a cantrip, but forgets the words!
The orc priest hits you with a +0 flail.
* * * LOW HITPOINT WARNING * * *
You hit the orc priest.
The orc priest is heavily wounded.
The orc priest closely misses you. x2
You hit the orc priest.
The orc priest looks as sick as possible!
The orc priest is almost dead.
The orc priest calls down the wrath of Beogh upon you.
Beogh smites you!
* * * LOW HITPOINT WARNING * * *
The orc priest completely misses you.
You hit the orc priest.
You kill the orc priest!
The Shining One accepts your kill.
You feel better. The orc priest hits you with a +0 whip.
You die...

....... #....# #.....#...
....... #....# #.....#...
....... #....# #.....#...
....... #....# #.....#...
....... #....# #.....#...
###o.o.####....####.....#...
......o....†......'.........
....#..####o)..####.....#...
. ..... #s)..# #.....#...
....... #....# #######...
......# #....# #### ≈§≈≈≈.
#....# ....≈. ###### ≈≈≈§≈.


You could see an orc priest (poisoned).

Vanquished Creatures
  A water moccasin (D:5)
  A black bear (D:5)
  2 orc warriors
  An ice beast (D:5)
  2 scorpions
  A hound (D:5)
  An orc priest (D:5)
  An iguana (D:5)
  A sleepcap (D:4)
  3 orc wizards
  4 gnolls (D:2)
  2 adders
  An ufetubus (D:5)
  2 worms
  2 dart slugs
  6 orcs
  7 endoplasms
  A giant cockroach (D:3)
  2 goblins
  3 jackals (D:3)
  7 quokkas
  5 ball pythons
  3 bats
  4 frilled lizards
  7 kobolds
  5 rats
  A spectral orc (D:4)
76 creatures vanquished.

Notes
Turn   | Place    | Note
-------+----------+-------------------------------------------
     0 | D:1      | Queen the Draconian Transmuter began the quest for the Orb.
     0 | D:1      | Reached XP level 1. HP: 16/16 MP: 3/3
   122 | D:1      | Reached XP level 2. HP: 23/23 MP: 3/5
   361 | D:1      | Learned a level 2 spell: Wereblood
   377 | D:1      | Found a faded altar of an unknown god.
   857 | D:1      | Found a faded altar of an unknown god.
  1322 | D:2      | Reached XP level 3. HP: 29/29 MP: 4/6
  1331 | D:2      | Learned a level 3 spell: Spider Form
  1456 | D:2      | Reached XP level 4. HP: 29/36 MP: 3/7
  2524 | D:3      | Found a glowing golden altar of the Shining One.
  2540 | D:3      | Became a worshipper of the Shining One
  2793 | D:3      | Noticed a scorpion
  2970 | D:3      | Killed a scorpion
  2971 | D:3      | Reached XP level 5. HP: 30/42 MP: 4/9
  3136 | D:3      | Found an ornate altar of the Wu Jian Council.
  3189 | D:3      | Reached skill level 1 in Invocations
  3529 | D:3      | Found an ornate altar of the Wu Jian Council.
  3728 | D:3      | Found a glowing golden altar of the Shining One.
  4366 | D:4      | Found a basalt altar of Yredelemnul.
  4494 | D:4      | Noticed an orc warrior
  4506 | D:4      | Killed an orc warrior
  4507 | D:4      | Reached XP level 6. HP: 30/50 MP: 5/10
  5167 | D:4      | Found a basalt altar of Yredelemnul.
  5225 | D:5      | Entered Level 5 of the Dungeon
  5241 | D:5      | Learned a level 4 spell: Ice Form
  5258 | D:5      | Reached * piety under the Shining One
  5277 | D:5      | Found a transporter.
  5492 | D:5      | Found a transporter.
  5501 | D:5      | Noticed a water moccasin
  5508 | D:5      | Killed a water moccasin
  5652 | D:5      | Identified the ring of Posuzabli {rElec rC++ SInv Stlth-}
  5683 | D:5      | Noticed an ice beast
  5717 | D:5      | Killed an ice beast
  5718 | D:5      | Your scales start taking on a rich purple colour.
  5718 | D:5      | Reached XP level 7. HP: 57/57 MP: 5/13
  5842 | D:5      | Reached skill level 1 in Evocations
  5941 | D:5      | HP: 2/58 [orc priest/divine providence (13)]
  5942 | D:5      | Slain by an orc priest

Illustrated notes

Levels and vault maps discovered:
D:1:      minmay_arrival_open_corners, layout_rooms,
          hellmonk_ecumenical_altar_inner_sanctum
D:2:      layout_loops_ring
D:3:      layout_rooms, nicolae_wu_jian_immortal_techniques, tso_altar
D:4:      layout_loops_ring, yredelemnul_forgotten_temple_becter,
          nicolae_nh_ransacked_shop
D:5:      layout_basic, mainiacjoe_overflow_catwalk_spiral,
          gammafunk_ghost_gnarly_gnolls

Skill      XL: |  1  2  3  4  5  6  7 |
---------------+----------------------+-----
Dodging        | 2 3 |  3.6
Fighting       | 2 3 |  3.9
Transmutations | 3 4 |  4.1
Invocations    | 1 2 3 |  3.0
Unarmed Combat | 4 |  4.7
Spellcasting   | 3 4 |  4.5
Evocations     | 1 |  1.4

Action                     |  1- 3 |  4- 6 |  7- 9 || total
---------------------------+-------+-------+-------++-------
  Melee: Unarmed           |    93 |   127 |    30 ||   250
         Kick              |    12 |    26 |     2 ||    40
         Tailslap          |    10 |    17 |       ||    27
         Headbutt          |     8 |    14 |     2 ||    24
         Punch             |     1 |     7 |       ||     8
   Cast: Beastly Appendage |    23 |    27 |     3 ||    53
         Wereblood         |     1 |     1 |       ||     2
         Spider Form       |       |     4 |     2 ||     6
 Invoke: Divine Shield     |       |       |     1 ||     1
Ability: Breathe Dispellin |       |       |     1 ||     1
    Use: Scroll            |     3 |     2 |       ||     5
 Armour: Skin              |    21 |    34 |     4 ||    59
  Dodge: Dodged            |    51 |    76 |    30 ||   157
  Block: Other             |       |       |     3 ||     3
